 Dungeon Crawl Stone Soup version 0.29-a0-321-gf1c400731a (console) character file.

Game seed: 12817839753681984610

15247 Ignak the Thaumaturge (level 12, 0/91 HPs)
             Began as a Gnoll Hedge Wizard on Apr 1, 2022.
             Was a High Priest of Sif Muna.
             Slain by an ogre
             ... wielding a +0 giant club
              (21 damage)
             ... while paralysed by an ogre mage
             ... on level 2 of the Orcish Mines on Apr 4, 2022.
             The game lasted 01:03:38 (16912 turns).

Ignak the Thaumaturge (Gnoll Hedge Wizard)         Turns: 16912, Time: 01:03:40

Health: 0/91       AC: 19    Str:  9    XL:     12   Next: 25%
Magic:  11/26      EV:  2    Int: 18    God:    Sif Muna [*****.]
Gold:   995        SH:  0    Dex: 13    Spells: 12/31 levels left

rFire   . . .      SeeInvis .   Q - +4 trident (venom)
rCold   . . .      Faith    +   (no shield)
rNeg    . . .      Spirit   .   J - +1 troll leather armour
rPois   +          Reflect  .   F - +2 helmet
rElec   +          Harm     .   h - scarf {repulsion}
rCorr   .          Rampage  .   v - +2 pair of gloves
Will    .....                   (no boots)
Stlth   ++++......              f - amulet of faith
HPRegen 1.05/turn               n - +4 ring of evasion
MPRegen 0.20/turn               E - ring of poison resistance

@: paralysed, ice-armoured, repel missiles
A: fangs 1, strong nose, distributed training, electricity resistance, wild
magic 1
a: Renounce Religion, Channel Magic, Forget Spell, Divine Exegesis


You were on level 2 of the Orcish Mines.
You worshipped Sif Muna.
Sif Muna was extremely pleased with you.
You visited 3 branches of the dungeon, and saw 14 of its levels.

You collected 995 gold pieces.

Inventory:

Hand Weapons
 a - a +0 arbalest of freezing
 b - a +0 glaive of flaming
 L - a +0 long sword
 O - a +4 dagger of electrocution
 Q - a +4 trident of venom (weapon)
Missiles
 x - a throwing net
 B - 23 poisoned darts (quivered)
Armour
 h - a scarf of repulsion (worn)
 i - a +0 cloak
 m - a +0 buckler
 v - a +2 pair of gloves (worn)
 y - a scarf of shadows
 F - a +2 helmet (worn)
 G - a +1 robe of fire resistance
 J - a +1 troll leather armour (worn)
Magical Staves
 j - a staff of fire
Jewellery
 f - an amulet of faith (around neck)
 n - a +4 ring of evasion (left hand)
 D - a ring of flight
 E - a ring of poison resistance (right hand)
Wands
 d - a wand of flame (6)
 z - a wand of polymorph (15)
 A - a wand of mindburst (14)
 C - a wand of digging (3)
 I - a wand of paralysis (7)
 N - a wand of iceblast (3)
Scrolls
 g - a scroll of amnesia
 k - 4 scrolls of magic mapping
 o - a scroll of fog
 p - 6 scrolls of blinking
 r - a scroll of identify
 s - a scroll of teleportation
 t - a scroll of immolation
 u - a scroll of fear
 w - 2 scrolls of torment
Potions
 c - a potion of cancellation
 e - a potion of invisibility
 l - 2 potions of heal wounds
 q - a potion of lignification
 H - 2 potions of flight
 K - 4 potions of mutation
 M - a potion of curing
 P - 2 potions of attraction {unknown}


   Skills:
 + Level 7.1 Fighting
 + Level 7.1 Short Blades
 + Level 7.1 Long Blades
 + Level 7.1 Axes
 + Level 7.1 Maces & Flails
 + Level 7.1 Polearms
 + Level 7.1 Staves
 + Level 7.1 Slings
 + Level 7.1 Bows
 + Level 7.1 Crossbows
 + Level 7.1 Throwing
 + Level 7.1 Armour
 + Level 8.5 Dodging
 + Level 8.3 Stealth
 + Level 7.1 Shields
 + Level 7.1 Unarmed Combat
 + Level 10.1 Spellcasting
 + Level 6.3 Conjurations
 + Level 5.9 Hexes
 + Level 6.3 Summonings
 + Level 5.9 Necromancy
 + Level 6.3 Translocations
 + Level 5.9 Transmutations
 + Level 5.9 Fire Magic
 + Level 5.9 Ice Magic
 + Level 5.9 Air Magic
 + Level 5.9 Earth Magic
 + Level 5.9 Poison Magic
 + Level 7.8 Invocations
 + Level 7.1 Evocations


You had 12 spell levels left.
You knew the following spells:

 Your Spells              Type           Power      Damage    Failure   Level
a - Magic Dart            Conj           100%       1d8       1%          1
b - Blink                 Tloc           82%        N/A       2%          2
c - Vampiric Draining     Necr           39%        2d8       4%          3
d - Mephitic Cloud        Conj/Pois/Air  40%        N/A       4%          3
e - Call Imp              Summ           41%        N/A       2%          2
f - Slow                  Hex            100%       N/A       1%          1
q - Call Canine Familiar  Summ           41%        N/A       4%          3
r - Ozocubu's Armour      Ice            39%        N/A       4%          3
z - Beastly Appendage     Tmut           78%        N/A       1%          1

Your spell library contained the following spells:

 Spells                   Type           Power      Damage    Failure   Level
 Animate Skeleton         Necr           78%        N/A       1%          1
 Pain                     Necr           100%       1d9       1%          1
 Wereblood                Tmut           39%        N/A       2%          2
 Conjure Flame            Conj/Fire      40%        6-21      4%          3
 Portal Projectile        Hex/Tloc       80%        N/A       4%          3
 Spider Form              Tmut/Pois      39%        N/A       4%          3
 Leda's Liquefaction      Hex/Erth       19%        N/A       13%         4
 Metabolic Englaciation   Hex/Ice        19%        N/A       34%         5
 Simulacrum               Ice/Necr       19%        N/A       86%         6


Dungeon Overview and Level Annotations

Branches:
Dungeon (11/15)            Temple (1/1) D:6            Lair (0/6) D:9
    Orc (2/2) D:10
    Elf: Orc:2

Altars:
Ashenzari
Cheibriados
Dithmenos
Fedhas
Gozag
Hepliaklqana
Kikubaaqudgha
Makhleb
Nemelex Xobeh
Okawaru
Qazlal
Ru
Sif Muna
Trog
Uskayaw
Vehumet
Wu Jian
Xom
Yredelemnul
Zin
The Shining One
Beogh

Shops:
D:8 (

Annotations:
D:9 1 runed translucent door, Necrophagist's ghost, journeyman HOFi
Orc:1 1 runed translucent door, Xuopari's ghost, journeyman DDCK


Innate Abilities, Weirdness & Mutations

You have very sharp teeth.
Your uncanny sense of smell can sniff out nearby items.
Your experience applies equally to all skills.
You are resistant to electric shocks. (rElec)
Your spells are a little harder to cast, but a little more powerful.


Message History

The orc warrior is engulfed in noxious fumes.
The orc warrior appears confused.
The orc warrior hits the orc warrior with a +0 long sword!!
The orc warrior is killed!
Sif Muna accepts your kill.
Unknown command.
Your icy armour will break if you move.
Continue?
You hear some strange, mumbled words.
Deactivating autopickup; reactivate with Ctrl-A.
You suddenly lose the ability to move!
The orc wizard points at you and mumbles some strange words.
The puff of flame hits you!
The orc warrior is engulfed in noxious fumes.
The orc warrior appears confused.
The orc priest is engulfed in noxious fumes.
The orc knight is engulfed in noxious fumes.
The orc knight appears confused.
The orc knight is engulfed in noxious fumes.
The orc knight appears confused.
The orc knight is engulfed in noxious fumes.
The orc knight appears confused.
The orc knight is engulfed in noxious fumes.
The orc knight appears confused.
The orc knight is engulfed in noxious fumes.
The orc knight hits you with a +0 great sword.
The heat melts your icy armour. Something hits you but does no damage.
The ogre hits you but does no damage.
The orc warrior is engulfed in noxious fumes.
The orc priest is engulfed in noxious fumes.
The orc knight is engulfed in noxious fumes.
The orc knight hits you with a +0 great sword!
* * * LOW HITPOINT WARNING * * *
The ogre barely misses you.
The orc warrior is engulfed in noxious fumes.
The orc warrior appears confused.
The orc priest hits you with a +0 whip!
* * * LOW HITPOINT WARNING * * *
The orc knight is engulfed in noxious fumes. x2
The orc knight hits itself but does no damage.
The ogre hits you with a +0 giant club!!
You die...

#..........#...
##.............. .......
.##.#.........#.#.......
(##..#.........#........
.(#........o............
..).#..#.....O..O.......
.(..#.......#...........
..###.........o)O.......
..(#...........o@o......
#.##..........☼o○O......
###...........)°o.C.....
......................
.......h.......
..$...$........
...............
...............


You could see an orc knight (confused), a two-headed ogre, a cyclops, an orc
warrior (strong, confused), 3 ogres, an orc priest (strong), an orc wizard
(strong, ally target), 2 orcs and a friendly wolf (summoned, confused).

Vanquished Creatures
  Josephine (D:9)
  3 two-headed ogres (Orc:1)
  Sonja (D:11)
  An orc sorcerer (Orc:1)
  An orc knight (D:10)
  A cyclops (D:11)
  A gargoyle (D:11)
  A komodo dragon (D:9)
  5 trolls
  2 wraiths (D:9)
  3 yaks (D:8)
  2 steam dragons
  A warg (Orc:1)
  12 orc warriors
  3 sky beasts
  A black bear (D:6)
  3 ice beasts
  3 centaurs
  13 ogres
  A phantom (D:4)
  Blork the orc (D:5)
  3 bullfrogs
  2 scorpions
  3 gnoll sergeants
  6 wights
  2 killer bees (D:8)
  5 howler monkeys
  2 hounds
  Crazy Yiuf (D:4)
  10 orc priests
  7 orc wizards
  12 adders
  16 gnolls
  4 river rats (D:6)
  A shadow imp (D:8)
  2 ufetubi
  A dart slug (D:3)
  51 orcs
  9 bats
  9 endoplasms
  A giant cockroach (D:2)
  6 goblins
  5 hobgoblins
  9 quokkas
  9 ball pythons
  21 kobolds
  20 rats
277 creatures vanquished.

Vanquished Creatures (collateral kills)
  An ugly thing (D:11)
  A troll (Orc:1)
  A shadow (D:10)
  2 wraiths (D:10)
  A vampire (D:11)
  Eustachio (D:6)
  A basilisk (D:10)
  A water moccasin (D:6)
  An acid dragon (D:11)
  2 sky beasts
  An orc warrior (Orc:1)
  3 ogres
  A phantom (D:6)
  A kobold brigand (D:6)
  2 wights
  2 killer bees (D:8)
  A howler monkey (D:6)
  3 hounds
  4 orc priests
  An iguana (D:5)
  3 orc wizards
  3 gnolls
  An adder (D:5)
  A worm (D:2)
  8 orcs
  A ball python (D:2)
  A bat (D:1)
  An endoplasm (D:1)
  A giant cockroach (D:1)
  A goblin (D:2)
  A hobgoblin (D:3)
  2 jackals (D:1)
  5 kobolds
  2 quokkas (D:6)
  A frilled lizard (D:3)
  4 rats
67 creatures vanquished.

Vanquished Creatures (others)
  A wyvern (D:11)
  An ogre (Orc:2)
  A kobold brigand (D:11)
  A gnoll (D:9)
  3 fungi
  11 plants
  2 withered plants (D:2)
20 creatures vanquished.

Grand Total: 364 creatures vanquished

Notes
Turn   | Place    | Note
-------+----------+-------------------------------------------
     0 | D:1      | Ignak the Gnoll Hedge Wizard began the quest for the Orb.
     0 | D:1      | Reached XP level 1. HP: 13/13 MP: 8/8
   479 | D:1      | Reached XP level 2. HP: 17/19 MP: 10/10
   484 | D:1      | Learned a level 2 spell: Blink
   486 | D:1      | Learned a level 1 spell: Slow
   489 | D:1      | Learned a level 2 spell: Call Imp
  1256 | D:1      | Reached XP level 3. HP: 25/25 MP: 8/11
  1591 | D:1      | Learned a level 3 spell: Mephitic Cloud
  1896 | D:2      | Reached skill level 1 in Invocations
  1938 | D:2      | Found a faded altar of an unknown god.
  2067 | D:2      | Reached skill level 1 in Fighting
  2067 | D:2      | Reached skill level 1 in Short Blades
  2067 | D:2      | Reached skill level 1 in Long Blades
  2067 | D:2      | Reached skill level 1 in Axes
  2067 | D:2      | Reached skill level 1 in Maces & Flails
  2067 | D:2      | Reached skill level 1 in Polearms
  2067 | D:2      | Reached skill level 1 in Staves
  2067 | D:2      | Reached skill level 1 in Slings
  2067 | D:2      | Reached skill level 1 in Bows
  2067 | D:2      | Reached skill level 1 in Crossbows
  2067 | D:2      | Reached skill level 1 in Throwing
  2067 | D:2      | Reached skill level 1 in Armour
  2067 | D:2      | Reached skill level 1 in Shields
  2067 | D:2      | Reached skill level 1 in Unarmed Combat
  2067 | D:2      | Reached skill level 1 in Evocations
  2411 | D:3      | Reached XP level 4. HP: 32/32 MP: 13/13
  2478 | D:3      | Reached skill level 1 in Hexes
  2478 | D:3      | Reached skill level 1 in Necromancy
  2478 | D:3      | Reached skill level 1 in Transmutations
  2478 | D:3      | Reached skill level 1 in Fire Magic
  2478 | D:3      | Reached skill level 1 in Ice Magic
  2478 | D:3      | Reached skill level 1 in Air Magic
  2478 | D:3      | Reached skill level 1 in Earth Magic
  2478 | D:3      | Reached skill level 1 in Poison Magic
  2799 | D:3      | Reached XP level 5. HP: 29/37 MP: 6/14
  3855 | D:5      | Entered Level 5 of the Dungeon
  4075 | D:4      | Noticed a phantom
  4128 | D:4      | Reached XP level 6. HP: 22/44 MP: 3/16
  4305 | D:4      | Reached skill level 5 in Dodging
  4419 | D:4      | Learned a level 3 spell: Ozocubu's Armour
  4637 | D:4      | Found a sparkling altar of Nemelex Xobeh.
  4708 | D:4      | Found a radiant altar of Vehumet.
  4747 | D:4      | Found a runed translucent door.
  4748 | D:4      | Noticed Crazy Yiuf
  4761 | D:4      | Killed Crazy Yiuf
  5523 | D:5      | Gained mutation: Your spells are a little harder to cast,
                  | but a little more powerful. [potion of mutation]
  5523 | D:5      | Gained mutation: You are resistant to electric shocks.
                  | (rElec) [potion of mutation]
  5683 | D:5      | Reached XP level 7. HP: 50/50 MP: 10/18
  5928 | D:5      | Found a basalt altar of Yredelemnul.
  5935 | D:5      | Found an iron altar of Okawaru.
  6050 | D:5      | Noticed Blork the orc
  6545 | D:5      | Reached skill level 5 in Stealth
  6843 | D:4      | Reached XP level 8. HP: 57/57 MP: 15/19
  7023 | D:5      | Killed Blork the orc
  7411 | D:6      | Found a staircase to the Ecumenical Temple.
  7419 | Temple   | Entered the Ecumenical Temple
  7516 | Temple   | Became a worshipper of Sif Muna the Loreminder
  7737 | D:6      | Reached skill level 8 in Spellcasting
  8003 | D:6      | Identified the +2 chain mail of Muckan {Rampage rF+}
  8067 | D:6      | Noticed Eustachio
  8091 | D:6      | Killed Eustachio
  8102 | D:6      | Reached XP level 9. HP: 65/65 MP: 14/21
  8215 | D:6      | Learned a level 3 spell: Call Canine Familiar
  8433 | D:6      | Learned a level 3 spell: Vampiric Draining
  8541 | D:6      | Reached * piety under Sif Muna
  9317 | D:7      | Found a burning altar of Makhleb.
  9322 | D:7      | Found a glowing silver altar of Zin.
  9322 | D:7      | Noticed an angel
  9322 | D:7      | Noticed a green death
  9801 | D:7      | Found a glowing golden altar of the Shining One.
  9825 | D:7      | Reached ** piety under Sif Muna
 10286 | D:8      | Reached skill level 5 in Invocations
 10562 | D:8      | Reached XP level 10. HP: 34/73 MP: 1/22
 10600 | D:8      | Reached skill level 5 in Fighting
 10600 | D:8      | Reached skill level 5 in Short Blades
 10600 | D:8      | Reached skill level 5 in Long Blades
 10600 | D:8      | Reached skill level 5 in Axes
 10600 | D:8      | Reached skill level 5 in Maces & Flails
 10600 | D:8      | Reached skill level 5 in Polearms
 10600 | D:8      | Reached skill level 5 in Staves
 10600 | D:8      | Reached skill level 5 in Slings
 10600 | D:8      | Reached skill level 5 in Bows
 10600 | D:8      | Reached skill level 5 in Crossbows
 10600 | D:8      | Reached skill level 5 in Throwing
 10600 | D:8      | Reached skill level 5 in Armour
 10600 | D:8      | Reached skill level 5 in Shields
 10600 | D:8      | Reached skill level 5 in Unarmed Combat
 10600 | D:8      | Reached skill level 5 in Evocations
 11281 | D:8      | Found Naxo's Hydra Hut.
 11285 | D:8      | Noticed a four-headed hydra
 11387 | D:8      | Upgraded the game from 0.29-a0-317-gd16b76e6b1 to
                  | 0.29-a0-321-gf1c400731a
 11432 | D:9      | Reached *** piety under Sif Muna
 11700 | D:9      | Reached skill level 9 in Spellcasting
 11846 | D:9      | Reached skill level 5 in Conjurations
 11846 | D:9      | Reached skill level 5 in Summonings
 11846 | D:9      | Reached skill level 5 in Translocations
 12171 | D:9      | Found a staircase to the Lair.
 12287 | D:9      | Found a runed translucent door.
 12290 | D:9      | Noticed Necrophagist's ghost (journeyman HOFi)
 12292 | D:9      | Identified the +6 trident "Asasygos" {vorpal, *Noise rC+++
                  | rN+ Str+3}
 12662 | D:10     | Entered Level 10 of the Dungeon
 13025 | D:10     | Found a staircase to the Orcish Mines.
 13292 | D:10     | Noticed Josephine
 13856 | D:9      | Killed Josephine
 13857 | D:9      | Reached XP level 11. HP: 57/81 MP: 16/24
 14084 | D:10     | Reached **** piety under Sif Muna
 14153 | D:10     | Found a shimmering altar of Xom.
 14297 | D:11     | Noticed a cyan ugly thing
 14320 | D:11     | Killed a red ugly thing
 14321 | D:11     | Reached skill level 5 in Hexes
 14321 | D:11     | Reached skill level 5 in Necromancy
 14321 | D:11     | Reached skill level 5 in Transmutations
 14321 | D:11     | Reached skill level 5 in Fire Magic
 14321 | D:11     | Reached skill level 5 in Ice Magic
 14321 | D:11     | Reached skill level 5 in Air Magic
 14321 | D:11     | Reached skill level 5 in Earth Magic
 14321 | D:11     | Reached skill level 5 in Poison Magic
 14790 | D:11     | Noticed a cyclops
 14804 | D:11     | Killed a cyclops
 15234 | D:11     | Noticed Sonja
 15261 | D:11     | Killed Sonja
 15421 | Orc:1    | Entered Level 1 of the Orcish Mines
 15564 | Orc:1    | Noticed an orc knight
 15619 | D:10     | Killed an orc knight
 15795 | Orc:1    | Found a runed translucent door.
 15795 | Orc:1    | Found a shimmering altar of Xom.
 15795 | Orc:1    | Noticed Xuopari's ghost (journeyman DDCK)
 15796 | Orc:1    | Noticed a +1 rapier of chaos
 15843 | Orc:1    | Found the +15 Maxwell's patent armour {-Cast -Tele rElec
                  | Will+ rCorr}
 16088 | Orc:1    | Noticed an orc sorcerer
 16090 | Orc:1    | Reached ***** piety under Sif Muna
 16108 | Orc:1    | Killed an orc sorcerer
 16351 | Orc:2    | Entered Level 2 of the Orcish Mines
 16426 | Orc:2    | Noticed a two-headed ogre
 16426 | Orc:2    | Noticed a two-headed ogre
 16427 | Orc:2    | Noticed a two-headed ogre
 16440 | Orc:1    | Killed a two-headed ogre
 16440 | Orc:1    | Received a gift from Sif Muna
 16441 | Orc:1    | Reached skill level 10 in Spellcasting
 16441 | Orc:1    | Reached XP level 12. HP: 89/89 MP: 15/26
 16448 | Orc:1    | Learned a level 1 spell: Beastly Appendage
 16450 | Orc:2    | Noticed an ogre mage
 16450 | Orc:2    | Noticed an ogre mage
 16715 | Orc:1    | Killed a two-headed ogre
 16727 | Orc:1    | Killed a two-headed ogre
 16907 | Orc:2    | Noticed a two-headed ogre
 16910 | Orc:2    | Paralysed by something for 5 turns
 16912 | Orc:2    | Slain by an ogre

Illustrated notes

Levels and vault maps discovered:
D:1:      lightli_arrival_quake, layout_basic, minmay_misc_feat_rows
D:2:      layout_rooms, ebering_ecumenical_altar_petrified
D:3:      layout_loops_corners, hangedman_decor_peaks_small
D:4:      layout_cave_pools, nemelex_dance_club_becter, lemuel_crystal_altar,
          uniq_crazy_yiuf_cottage
D:5:      minmay_diamond_boxcup, layout_rooms, gammafunk_temple_overflow_pools,
          lemuel_old_faithful, uniq_blork_the_orc
D:6:      lemuel_ratsnest, layout_basic, minmay_temple_entry_junction_2,
          uniq_eustachio
D:7:      layout_rooms, grunt_temple_overflow_order_and_chaos_2,
          lemuel_tele_altar, hex_intersection
D:8:      layout_basic, doesnt_shop_hydraphobe
D:9:      layout_loops_ring, david_lair_shrubbed, ebering_ghost_funeral_grove
D:10:     layout_rooms, mainiacjoe_overflow_tiny_flanked,
          minmay_orc_entry_temple_small, uniq_josephine
D:11:     layout_loops_cross, uniq_sonja
Temple:   jpeg_temple_clearing
Orc:1:    layout_diamond_mine, ebering_ghost_xom, dreamdust_deal_with_the_devil,
          minmay_orc_temple_a
Orc:2:    st_orc_ogre_mass, layout_caves, serial_shops, nicolae_lakefront_shop,
          gammafunk_ghost_arena, nicolae_orc_tapped_out

Skill      XL: |  1  2  3  4  5  6  7  8  9 10 11 12 |
---------------+-------------------------------------+-----
Conjurations   | 2 3 4 5 6 |  6.3
Summonings     | 2 3 4 5 6 |  6.3
Translocations | 2 3 4 5 6 |  6.3
Invocations    | 1 2 3 4 5 6 7 |  7.8
Fighting       | 1 2 3 4 5 6 7 |  7.1
Short Blades   | 1 2 3 4 5 6 7 |  7.1
Long Blades    | 1 2 3 4 5 6 7 |  7.1
Axes           | 1 2 3 4 5 6 7 |  7.1
Maces & Flails | 1 2 3 4 5 6 7 |  7.1
Polearms       | 1 2 3 4 5 6 7 |  7.1
Staves         | 1 2 3 4 5 6 7 |  7.1
Slings         | 1 2 3 4 5 6 7 |  7.1
Bows           | 1 2 3 4 5 6 7 |  7.1
Crossbows      | 1 2 3 4 5 6 7 |  7.1
Throwing       | 1 2 3 4 5 6 7 |  7.1
Armour         | 1 2 3 4 5 6 7 |  7.1
Shields        | 1 2 3 4 5 6 7 |  7.1
Unarmed Combat | 1 2 3 4 5 6 7 |  7.1
Evocations     | 1 2 3 4 5 6 7 |  7.1
Hexes          | 1 2 3 4 5 |  5.9
Necromancy     | 1 2 3 4 5 |  5.9
Transmutations | 1 2 3 4 5 |  5.9
Fire Magic     | 1 2 3 4 5 |  5.9
Ice Magic      | 1 2 3 4 5 |  5.9
Air Magic      | 1 2 3 4 5 |  5.9
Earth Magic    | 1 2 3 4 5 |  5.9
Poison Magic   | 1 2 3 4 5 |  5.9
Dodging        | 5 6 7 8 |  8.5
Stealth        | 5 6 7 8 |  8.3
Spellcasting   | 8 9 10 | 10.1

Action                   |  1- 3 |  4- 6 |  7- 9 | 10-12 || total
-------------------------+-------+-------+-------+-------++-------
Melee: Mace              |     8 |       |       |       ||     8
       Dagger            |    88 |    64 |    33 |   150 ||   335
       Punch             |     1 |       |       |       ||     1
       Bite              |     7 |    11 |    56 |    28 ||   102
       Short sword       |       |    86 |   367 |       ||   453
       Glaive            |       |       |       |    43 ||    43
       Trident           |       |       |       |    17 ||    17
       Arbalest          |       |       |       |     1 ||     1
 Fire: Arbalest          |       |       |       |   316 ||   316
Throw: Throwing net      |       |     1 |       |       ||     1
 Cast: Magic Dart        |     4 |    12 |       |     1 ||    17
       Call Imp          |    10 |    24 |    39 |    30 ||   103
       Mephitic Cloud    |       |    19 |    25 |    66 ||   110
       Blink             |       |     8 |     9 |    36 ||    53
       Slow              |       |     1 |       |    17 ||    18
       Vampiric Draining |       |       |    22 |     4 ||    26
       Call Canine Famil |       |       |    15 |    28 ||    43
       Ozocubu's Armour  |       |       |       |     2 ||     2
Invok: Channel Magic     |       |       |     1 |     1 ||     2
Evoke: Wand              |       |     1 |       |     1 ||     2
  Use: Potion            |     6 |     6 |     3 |       ||    15
       Scroll            |       |     3 |    14 |     6 ||    23
 Stab: Sleeping          |     7 |     9 |     2 |     5 ||    23
       Confused          |       |     2 |     8 |     7 ||    17
       Distracted        |       |     1 |     2 |     2 ||     5
Armor: Robe              |    19 |    12 |    37 |    13 ||    81
       Skin              |     8 |       |     1 |       ||     9
       Troll leather arm |       |       |       |    53 ||    53
Dodge: Dodged            |    72 |   109 |   277 |   336 ||   794
       Repelled          |       |       |     5 |     1 ||     6
Block: Buckler           |     7 |    18 |    70 |    29 ||   124

Table legend: (Time is in decaauts)
 A = Elapsed time spent in this place.
 B = Non-inter-level travel time spent in this place.
 C = Inter-level travel time spent in this place.
 D = Time resting spent in this place.
 E = Time spent auto-exploring this place.
 F = Levels seen in this place.
 G = Mean time per level.
                   A        B        C        D        E       F      G
               +--------+--------+--------+--------+--------+-----+--------+
         Total |  16846 |  16526 |    320 |   2733 |   7795 |  14 | 1203.3 |
       Dungeon |  15263 |  14960 |    303 |   2661 |   7296 |  11 | 1387.5 |
        Temple |    113 |     97 |     16 |      0 |     79 |   1 |  113.0 |
  Orcish Mines |   1469 |   1469 |      0 |     72 |    420 |   2 |  734.5 |
               +--------+--------+--------+--------+--------+-----+--------+

Top non-repeatable levels by time:
     D:6: 1997 daAuts
     D:9: 1919 daAuts
     D:5: 1900 daAuts
     D:1: 1582 daAuts
     D:3: 1446 daAuts
   Orc:1: 1363 daAuts
     D:8: 1266 daAuts
     D:4: 1239 daAuts
    D:11: 1161 daAuts
    D:10: 1118 daAuts
     D:7: 896 daAuts
     D:2: 736 daAuts
  Temple: 113 daAuts
   Orc:2: 105 daAuts
